 Dungeon Crawl Stone Soup version 0.17-a0-131-ga9cda9c (webtiles) character file.

111 xeno23 the Chiller (level 4, -1/33 HPs)
             Began as a Merfolk Ice Elementalist on Mar 24, 2015.
             Slain by a phantom (6 damage)
             ... on level 3 of the Dungeon.
             The game lasted 00:14:44 (2350 turns).

xeno23 the Chiller (Merfolk Ice Elementalist)       Turns: 2350, Time: 00:14:44

Health: -1/33      AC:  5    Str:  8    XL:     4   Next: 92%
Magic:  8/8        EV: 13    Int: 15    God:
Gold:   120        SH:  0    Dex: 14    Spells: 3 memorised, 2 levels left

rFire  . . .     SeeInvis .     l - +2 dagger (venom)
rCold  . . .     Clarity  .     a - +0 robe
rNeg   . . .     SustAb   .     (no shield)
rPois  .         Gourm    .     (no helmet)
rElec  .         Spirit   .     (no cloak)
rCorr  .         Warding  .     h - +2 pair of gloves
rMut   .         Stasis   .     (no boots)
MR     .....                    (no amulet)
Stlth  ++........               (no ring)
                                (no ring)

@: not resistant to hostile enchantments, unstealthy
A: change form in water, swift swim
a: no special abilities


You were on level 3 of the Dungeon.
You were hungry.

You visited 1 branch of the dungeon, and saw 3 of its levels.

You collected 120 gold pieces.

Inventory:

Hand weapons
 d - a +0 mace
 l - a +2 dagger of venom (weapon)
Missiles
 g - 5 javelins of returning (quivered)
Armour
 a - a +0 robe (worn)
 h - a +2 pair of gloves (worn)
Scrolls
 i - a scroll of remove curse
 j - 4 scrolls of identify {unknown}
 n - a scroll of magic mapping {unknown}
 t - a scroll of blinking {unknown}
Potions
 e - a potion of brilliance {unknown}
 m - a potion of might {unknown}
 o - a potion of mutation {unknown}
 p - a potion of degeneration {unknown}
 q - a potion of restore abilities {unknown}
 r - a potion of experience {unknown}
Books
 b - a book of Frost

   Spells                             Type                      Level
   a - Freeze                         Ice                          1
   b - Throw Frost                    Conjuration/Ice              2
   c - Ozocubu's Armour               Charms/Ice                   3
   d - Throw Icicle                   Conjuration/Ice              4
   e - Summon Ice Beast               Ice/Summoning                4
   f - Condensation Shield            Ice                          4
Comestibles
 c - 3 bread rations
 f - 2 chunks of flesh
 k - 2 meat rations
 s - 2 beef jerkies


   Skills:
 * Level 2.1 Fighting
 + Level 3.1 Dodging
 - Level 2.1 Stealth
 * Level 2.9 Spellcasting
 * Level 1.3 Conjurations
 * Level 0.7 Charms
 * Level 4.0 Ice Magic


You had 2 spell levels left.
You knew the following spells:

 Your Spells              Type           Power        Failure   Level  Hunger
a - Freeze                Ice            ##..         4%          1    #......
b - Ozocubu's Armour      Chrm/Ice       #.......     24%         3    ###....
q - Throw Frost           Conj/Ice       ##....       12%         2    ##.....


Dungeon Overview and Level Annotations

Branches:
Dungeon (3/15)

Altars:

Annotations:
D:3 Jessica; xeno23's ghost, average MfIE


Message History

Your icy armour evaporates.
Found a scroll labeled QASITS IWNAGG.
Xeno23's ghost casts a spell at you. The puff of frost hits you!
* * * LOW HITPOINT WARNING * * *
An adder comes into view.
Found 25 arrows.
A phantom comes into view.
Unknown command.
Read which item? (? for menu, Esc to quit)
As you read the scroll labeled QASITS IWNAGG, it crumbles to dust.
You feel blessed for a moment.
It was a scroll of remove curse.
Unknown command.
Read which item? (? for menu, Esc to quit)
Okay, then.
Adjust (i)tems, (s)pells, or (a)bilities?
Okay, then.
You are feeling hungry.
You closely miss the phantom. The phantom hits you.
You die...

#.######.. .
##...g..... .#
.W.####.### #.# #.##
#.########..#### #.#
###....K..S..?....(
#.###....#####K#######
......#### ##.#
#.##.## #..######..#
#.#..# ##.##@W....#
#.#.## #...K.######
#... ####### ..?. ####


You could see a phantom and a kobold.

Vanquished Creatures
  3 adders (D:2)
  A giant mite (D:2)
  2 worms (D:2)
  2 giant geckos (D:2)
  2 oozes
  An orc (D:3)
  3 giant cockroaches
  6 hobgoblins
  5 jackals
  A quokka (D:2)
  3 ball pythons (D:1)
  7 bats (D:1)
  3 giant newts
  9 goblins
  4 kobolds
  11 rats
63 creatures vanquished.

Notes
Turn   | Place    | Note
--------------------------------------------------------------
     0 | D:1      | xeno23, the Merfolk Ice Elementalist, began the quest for the Orb.
     0 | D:1      | Reached XP level 1. HP: 13/13 MP: 3/3
   238 | D:1      | Reached XP level 2. HP: 14/20 MP: 2/4
   260 | D:1      | Learned a level 2 spell: Throw Frost
   275 | D:1      | Reached skill level 1 in Fighting
   703 | D:1      | Reached XP level 3. HP: 17/26 MP: 3/6
  1360 | D:2      | Reached XP level 4. HP: 33/33 MP: 8/8
  1452 | D:2      | Learned a level 3 spell: Ozocubu's Armour
  1504 | D:2      | Reached skill level 1 in Conjurations
  1724 | D:2      | Reached skill level 4 in Ice Magic
  2296 | D:3      | Noticed xeno23's ghost (average MfIE)
  2314 | D:3      | Noticed Jessica
  2346 | D:3      | Noticed a phantom
  2350 | D:3      | Slain by a phantom

Action                   |  1- 3 |  4- 6 || total
-------------------------+-------+-------++-------
Melee: Unarmed           |     8 |       ||     8
       Mace              |    60 |       ||    60
       Dagger            |    33 |    45 ||    78
 Cast: Freeze            |    22 |     8 ||    30
       Throw Frost       |     1 |     3 ||     4
       Ozocubu's Armour  |       |     1 ||     1
  Use: Scroll            |       |     1 ||     1
 Stab: Sleeping          |       |     1 ||     1
  Eat: Chunk             |     1 |     4 ||     5
